 Dungeon Crawl Stone Soup version 0.27-a0-1193-g8631133539 (webtiles) character file.

Game seed: 17647905426648807438

149378 kae the Executioner (level 17, -6/161 HPs)
             Began as a Hill Orc Fighter on May 26, 2021.
             Was the Champion of Qazlal.
             Killed by divine providence
             ... invoked by an orc priest
              (9 damage)
             ... on level 2 of the Orcish Mines on May 28, 2021.
             The game lasted 00:29:58 (31706 turns).

kae the Executioner (Hill Orc Fighter)             Turns: 31706, Time: 00:29:58

Health: -6/161     AC: 26    Str: 33    XL:     17   Next: 51%
Magic:  0/29       EV:  9    Int:  8    God:    Qazlal [******]
Gold:   2613       SH:  8    Dex: 10    Spells: 16/16 levels left

rFire    . . .     SeeInvis .   b - +5 battleaxe "Goxymef" {holy, *Noise Fly rElec rC++}
rCold    + + .     Faith    .   (shield currently unavailable)
rNeg     . . .     Spirit   +   x - +0 plate armour
rPois    +         Reflect  .   s - +1 helmet
rElec    +         Harm     .   E - +1 cloak {Will+}
rCorr    .         Rampage  .   p - +1 pair of gloves
Will     +++..                  N - +1 pair of boots of the Thunderstorm {Drain Str+7}
Stlth    ..........             D - amulet of guardian spirit
HPRegen  0.36/turn              z - ring of poison resistance
MPRegen  0.21/turn              f - ring of willpower

@: protected from physical damage, flying, repel missiles
A: no striking features
a: Renounce Religion, Convert to Beogh, Upheaval, Elemental Force, Disaster Area


You were on level 2 of the Orcish Mines.
You worshipped Qazlal.
Qazlal was exalted by your worship.
You visited 3 branches of the dungeon, and saw 23 of its levels.
You also visited: Gauntlet.

You collected 2639 gold pieces.
You spent 26 gold pieces at shops.

Inventory:

Hand Weapons
 a - a +0 war axe of flaming
 b - the +5 battleaxe "Goxymef" (weapon) {holy, *Noise Fly rElec rC++}
   (You acquired it on level 2 of the Lair of Beasts)

   It has been blessed by the Shining One to cause great damage to the undead
   and demons.
   It greatly protects you from cold.
   It insulates you from electricity.
   It grants you flight.
   It may make noises in combat.
Missiles
 C - 10 curare-tipped darts (quivered)
Armour
 p - a +1 pair of gloves (worn)
 s - a +1 helmet (worn)
 x - a +0 plate armour (worn)
 E - a +1 cloak of willpower (worn)
 N - the +1 pair of boots of the Thunderstorm (worn) {Drain Str+7}
   (You acquired it in a Gauntlet)

   It affects your strength (+7).
   It drains your maximum health when unequipped.
Jewellery
 c - a ring of magical power
 e - a ring of flight
 f - a ring of willpower (right hand)
 j - a ring of resist corrosion
 k - a ring of protection from fire
 n - a ring of protection from fire
 z - a ring of poison resistance (left hand)
 D - an amulet of guardian spirit (around neck)
 H - a ring of positive energy
 I - a ring of fire
 O - a ring of protection from fire
 P - an amulet of faith
 T - an amulet of reflection
 U - the amulet of Ikaat {RegenMP Stlth+}
   (You found it in a Gauntlet)

   [amulet of magic regeneration]

   It increases your rate of magic regeneration.
   It makes you more stealthy.
 V - the ring of Negaaq {rN+ Slay+2}
   (You found it in a Gauntlet)

   [ring of positive energy]

   It affects your accuracy and damage with ranged weapons and melee attacks
   (+2).
   It protects you from negative energy.
 X - a ring of positive energy
 Y - a ring of willpower
Wands
 i - a wand of charming (13)
 o - a wand of paralysis (25)
 r - a wand of polymorph (24)
 t - a wand of iceblast (34)
 u - a wand of acid (68)
 F - a wand of flame (83)
 Q - a wand of mindburst (23)
 Z - a wand of digging (6)
Scrolls
 h - 7 scrolls of identify
 m - a scroll of magic mapping
 v - 4 scrolls of brand weapon
 y - 2 scrolls of fear
 G - 5 scrolls of fog
 K - a scroll of torment
 L - 4 scrolls of teleportation
 M - 6 scrolls of amnesia
Potions
 d - 3 potions of might
 g - 4 potions of cancellation
 l - a potion of brilliance
 q - 5 potions of attraction
 w - 2 potions of curing
 A - 3 potions of haste
 B - 2 potions of lignification
 J - a potion of berserk rage
 R - a potion of magic
 S - 2 potions of mutation
 W - a potion of resistance


   Skills:
 - Level 17.0 Fighting
 - Level 23.7 Axes
 + Level 8.0 Armour
 + Level 2.9 Dodging
 - Level 3.2 Shields
 - Level 17.0 Invocations


You had 16 spell levels left.
You didn't know any spells.
Your spell library contained the following spells:

 Spells                   Type           Power      Damage    Failure   Level
 Animate Skeleton         Necr           0%         N/A       96%         1
 Apportation              Tloc           0%         N/A       96%         1
 Corona                   Hex            0%         N/A       96%         1
 Foxfire                  Conj/Fire      0%         2x1d4     96%         1
 Magic Dart               Conj           0%         1d3       96%         1
 Pain                     Necr           0%         1d4       96%         1
 Shock                    Conj/Air       0%         1d3       96%         1
 Summon Small Mammal      Summ           0%         N/A       96%         1
 Blink                    Tloc           N/A        N/A       99%         2
 Call Imp                 Summ           0%         N/A       99%         2
 Corpse Rot               Necr/Air       N/A        N/A       99%         2
 Ensorcelled Hibernation  Hex/Ice        0%         N/A       99%         2
 Slow                     Hex            0%         N/A       99%         2
 Confusing Touch          Hex            0%         N/A       100%        3
 Conjure Flame            Conj/Fire      0%         6-21      100%        3
 Dazzling Flash           Conj/Hex       0%         N/A       100%        3
 Gell's Gravitas          Tloc           0%         N/A       100%        3
 Inner Flame              Hex/Fire       0%         N/A       100%        3
 Lesser Beckoning         Tloc           0%         N/A       100%        3
 Mephitic Cloud           Conj/Pois/Air  0%         N/A       100%        3
 Portal Projectile        Hex/Tloc       0%         N/A       100%        3
 Tukima's Dance           Hex            0%         N/A       100%        3
 Vampiric Draining        Necr           0%         2d6       100%        3
 Animate Dead             Necr           0%         N/A       100%        4
 Cause Fear               Hex            0%         N/A       100%        4
 Sticky Flame             Conj/Fire      0%         2d3       100%        4
 Agony                    Necr           0%         N/A       100%        5
 Excruciating Wounds      Necr           0%         N/A       100%        5
 Fireball                 Conj/Fire      0%         3d3       100%        5
 Conjure Ball Lightning   Conj/Air       0%         3x3d6     100%        6


Dungeon Overview and Level Annotations

Branches:
Dungeon (15/15)            Temple (0/1) D:7            Lair (6/6) D:11
 Shoals (0/4) Lair:3       Spider (0/4) Lair:4        Slime (0/5) Lair:5
    Orc (2/2) D:9             Elf (0/3) Orc:2        Vaults (0/5) D:13
 Depths (0/5) D:15        Gauntlet (visited)

Altars:
Cheibriados
Elyvilon
Fedhas
Hepliaklqana
Kikubaaqudgha
Okawaru
Qazlal
Ru
Sif Muna
Trog
Vehumet
Xom
Beogh
Jiyva

Shops:
D:10 *   Orc:1 [

Portals:
Trove: D:12 (give 7 potions of haste)

Annotations:
D:3 exclusion: statue
Lair:1 exclusion: 2 oklob plants
Orc:2 3 runed translucent doors, ma3's ghost, journeyman SpHu


Message History

You hear a muffled joke.
You slash the orc warrior!
The orc warrior is moderately wounded.
You block the orc warrior's attack.
Your plate armour prevents you from hitting the orc warrior.
The orc warrior is moderately wounded.
You cut the orc warrior into ribbons!!!
You kill the orc warrior!
Qazlal accepts your kill.
An orc warrior is nearby!
An orc warrior is nearby!
The orc priest invokes the aid of Beogh against you.
Beogh smites you!
* * * LOW HITPOINT WARNING * * *
The orc warrior hits you but does no damage.
You closely miss the orc priest.
The orc warrior hits you from afar with a +0 halberd.
* * * LOW HITPOINT WARNING * * *
You feel more protected from physical attacks.
The orc priest barely misses you.
The orc priest shouts, "Surrender to Beogh and we'll let you live!"
You hit the orc priest.
The orc priest is moderately wounded.
You block the orc warrior's attack. The orc priest hits you with a +0 mace.
* * * LOW HITPOINT WARNING * * *
You feel more protected from physical attacks.
You don't have enough magic at the moment.
You closely miss the orc priest.
The orc priest shouts, "Join the one true god or die!"
The orc priest is moderately wounded.
You closely miss the orc priest.
The orc priest is moderately wounded.
You block the orc warrior's attack. The orc priest hits you with a +0 mace.
* * * LOW HITPOINT WARNING * * *
You feel more protected from physical attacks.
You barely miss the orc priest.
The orc priest is moderately wounded.
The orc priest invokes the aid of Beogh against you.
Beogh smites you!
You die...

##.....#...#....o.4 ##
##.....##.##....o.. #
..........#..##...... #.
#.##...#......#.o....
...#.###........##o.....
......#.........#.......
.........o.......#..)÷).
.#$..§☼☼o○.)....#......)
.....§°@#...........)...
.....§..................
.......°§...............
#.#.##.##.#...#....#.##.
# ## ## ################


You could see an orc warrior and an orc priest.

Vanquished Creatures
  Agnes (D:15)
  Louise (D:15)
  A stone giant (D:12)
  A minotaur (Gauntlet)
  2 ettins (D:12)
  2 fire dragons
  Harold (D:9)
  8 vault guards (D:13)
  A boulder beetle (D:15)
  7 hydras
  A merfolk avatar (Lair:6)
  A catoblepas (Lair:6)
  An ogre mage (D:15)
  An ice dragon (D:15)
  3 centaur warriors
  6 two-headed ogres
  2 death knights
  Erica (D:8)
  A tengu warrior (Gauntlet)
  15 death yaks
  2 orc high priests (Orc:2)
  Urug (Lair:5)
  5 skeletal warriors (D:12)
  A fire crab (shapeshifter) (D:13)
  2 deep elf pyromancers
  8 orc knights
  10 ugly things (D:14)
  5 cyclopes
  5 orc sorcerers (Orc:2)
  A wolf spider (Lair:4)
  7 manticores
  12 slime creatures
  11 elephants
  A torpor snail (Lair:6)
  5 black mambas
  Maurice (D:8)
  A storm dragon simulacrum (D:15)
  A smoke demon (Gauntlet)
  23 cane toads
  An unseen horror (D:13)
  2 minotaur zombies (Gauntlet)
  4 rime drakes
  An efreet (D:15)
  8 komodo dragons
  2 yaktaurs
  4 trolls
  A tengu conjurer (Gauntlet)
  A red devil (Gauntlet)
  3 polar bears
  A queen bee (D:9)
  2 hornets (Lair:6)
  2 wind drakes (Lair:6)
  21 blink frogs
  4 dream sheep (Lair:5)
  A centaur simulacrum (D:15)
  A vampire (D:13)
  33 yaks
  2 shadows
  2 large abominations (Gauntlet)
  9 wyverns
  6 fire bats
  A wraith (D:11)
  A basilisk (shapeshifter) (D:12)
  A fire elemental (Lair:1)
  3 basilisks
  2 steam dragons
  3 wargs
  9 vampire mosquitoes
  Edmund (D:3)
  2 acid dragons
  An acid dragon (shapeshifter) (D:13)
  17 water moccasins
  A black bear (D:7)
  2 ice beasts (D:6)
  A sky beast (D:6)
  21 orc warriors
  23 wolves
  3 necrophages
  9 ogres
  9 centaurs
  A phantom (D:6)
  3 kobold brigands
  Blork the orc (D:4)
  A wyvern zombie (D:8)
  3 small abominations (Gauntlet)
  13 bullfrogs
  3 scorpions
  A wyvern skeleton (D:7)
  3 water moccasin skeletons
  9 killer bees (D:9)
  3 howler monkeys
  A bullfrog zombie (D:6)
  3 crimson imps (Gauntlet)
  2 centaur zombies
  A gnoll shaman (D:7)
  21 orc priests
  Crazy Yiuf (D:7)
  3 hounds
  3 jellies
  Ijyb (D:5)
  2 iguanas
  17 orc wizards
  3 killer bee zombies
  A hound zombie (D:4)
  A hound skeleton (D:4)
  11 adders
  3 gnolls
  2 howler monkey skeletons
  A shadow imp (D:7)
  12 white imps (D:15)
  3 adder zombies (D:4)
  3 worms (D:2)
  A dart slug (D:2)
  78 orcs
  5 bats
  14 endoplasms
  5 giant cockroaches
  7 goblins
  5 hobgoblins
  4 jackals
  27 kobolds
  6 quokkas
  6 ball pythons
  6 frilled lizards
  8 rats
688 creatures vanquished.

Vanquished Creatures (others)
  A quokka (D:14)
  59 fungi
  55 plants
  8 toadstools (D:4)
  2 withered plants (D:4)
125 creatures vanquished.

Grand Total: 813 creatures vanquished

Notes
Turn   | Place    | Note
-------+----------+-------------------------------------------
     0 | D:1      | kae the Hill Orc Fighter began the quest for the Orb.
     0 | D:1      | Reached XP level 1. HP: 19/19 MP: 1/1
    59 | D:1      | Reached skill level 3 in Axes
   142 | D:1      | Reached XP level 2. HP: 27/27 MP: 2/2
   317 | D:1      | Found a faded altar of an unknown god.
   536 | D:1      | Reached skill level 4 in Axes
   669 | D:2      | Reached XP level 3. HP: 33/33 MP: 3/3
  1047 | D:2      | Reached XP level 4. HP: 41/41 MP: 4/4
  1228 | D:2      | Reached skill level 5 in Axes
  1846 | D:3      | Reached XP level 5. HP: 47/47 MP: 5/5
  1856 | D:3      | You fall into a shaft and drop 3 floors!
  1892 | D:6      | Reached skill level 6 in Axes
  1899 | D:6      | Reached skill level 5 in Fighting
  1945 | D:6      | Noticed a phantom
  1961 | D:6      | Killed a phantom
  1962 | D:6      | Reached skill level 7 in Axes
  1962 | D:6      | Reached XP level 6. HP: 29/56 MP: 6/6
  2228 | D:5      | Entered Level 5 of the Dungeon
  2469 | D:5      | Noticed a necrophage
  2478 | D:5      | Killed a necrophage
  3231 | D:5      | Reached skill level 8 in Axes
  3231 | D:5      | Reached XP level 7. HP: 59/63 MP: 7/7
  3601 | D:4      | Noticed Edmund
  3623 | D:3      | Killed Edmund
  3842 | D:4      | Reached skill level 9 in Axes
  3999 | D:4      | Noticed Blork the orc
  4012 | D:4      | Killed Blork the orc
  4116 | D:4      | Found a stormy altar of Qazlal.
  4137 | D:4      | Became a worshipper of Qazlal Stormbringer
  4181 | D:4      | Reached XP level 8. HP: 71/73 MP: 8/8
  4487 | D:4      | Reached skill level 1 in Invocations
  4833 | D:3      | Reached skill level 10 in Axes
  5000 | D:3      | Reached * piety under Qazlal
  5048 | D:3      | Found a radiant altar of Vehumet.
  5910 | D:5      | Identified the Tome of Dislocated Darkness
  5967 | D:5      | Noticed Ijyb
  5983 | D:5      | Killed Ijyb
  6468 | D:6      | Reached skill level 11 in Axes
  6680 | D:6      | Reached XP level 9. HP: 81/81 MP: 12/12
  6910 | D:6      | Identified the +3 great sword "Diustirr" {flame, rElec}
  7189 | D:7      | Noticed a cyclops
  7195 | D:7      | Killed a cyclops
  7196 | D:7      | Reached skill level 12 in Axes
  7196 | D:7      | Reached skill level 5 in Invocations
  7286 | D:7      | Reached ** piety under Qazlal
  7802 | D:7      | Found a staircase to the Ecumenical Temple.
  7894 | D:7      | Found a runed translucent door.
  7895 | D:7      | Noticed Crazy Yiuf
  7962 | D:7      | Found an ancient bone altar of Kikubaaqudgha.
  7970 | D:7      | Found a white marble altar of Elyvilon.
  7975 | D:7      | Found an iron altar of Okawaru.
  7982 | D:7      | Found a snail-covered altar of Cheibriados.
  7987 | D:7      | Found a sacrificial altar of Ru.
  7995 | D:7      | Found a shimmering blue altar of Sif Muna.
  8000 | D:7      | Found a blossoming altar of Fedhas.
  8058 | D:7      | Killed Crazy Yiuf
  8127 | D:8      | Reached skill level 13 in Axes
  8363 | D:8      | Reached XP level 10. HP: 90/91 MP: 13/15
  8383 | D:8      | Noticed Erica
  8392 | D:8      | Killed Erica
  8504 | D:8      | Noticed Maurice
  8512 | D:8      | Killed Maurice
  8513 | D:8      | Reached skill level 10 in Fighting
  8921 | D:9      | Noticed a four-headed hydra
  8927 | D:9      | Reached skill level 14 in Axes
  8933 | D:9      | Killed a one-headed hydra
  8947 | D:9      | Noticed Harold
  9263 | D:9      | Reached *** piety under Qazlal
  9416 | D:9      | Found a roughly hewn altar of Beogh.
  9522 | D:9      | Killed Harold
  9523 | D:9      | Reached skill level 15 in Axes
  9523 | D:9      | Reached XP level 11. HP: 59/101 MP: 10/17
  9780 | D:9      | Found a staircase to the Orcish Mines.
  9905 | D:9      | Found a bloodstained altar of Trog.
  9905 | D:9      | Found a hazy altar of Hepliaklqana.
  9979 | D:9      | Reached **** piety under Qazlal
 10617 | D:10     | Entered Level 10 of the Dungeon
 10675 | D:10     | Noticed a two-headed ogre
 10681 | D:10     | Killed a two-headed ogre
 10682 | D:10     | Reached skill level 16 in Axes
 10682 | D:10     | Reached skill level 10 in Invocations
 10756 | D:10     | Found Ichetoibb's General Store.
 10761 | D:10     | Bought a scroll of identify for 26 gold pieces
 10828 | D:10     | Noticed a fire dragon
 11226 | D:10     | Found the +7 great mace "Firestarter" {inner flame, rF++}
 12166 | D:11     | Found a staircase to the Lair.
 12454 | D:11     | Noticed a two-headed ogre
 12465 | D:11     | Killed a two-headed ogre
 12869 | D:11     | Reached XP level 12. HP: 110/112 MP: 20/20
 12940 | Lair:1   | Entered Level 1 of the Lair of Beasts
 12967 | Lair:1   | Reached skill level 17 in Axes
 13709 | Lair:1   | Noticed a five-headed hydra
 13717 | Lair:1   | Killed a one-headed hydra
 14309 | Lair:1   | Found a blossoming altar of Fedhas.
 14451 | Lair:2   | Noticed an eight-headed hydra
 14668 | Lair:2   | Killed a three-headed hydra
 14672 | Lair:2   | Reached skill level 18 in Axes
 15312 | Lair:2   | Noticed a death yak
 15313 | Lair:2   | Noticed a death yak
 15313 | Lair:2   | Noticed a death yak
 15314 | Lair:2   | Noticed a death yak
 15316 | Lair:2   | Noticed a death yak
 15324 | Lair:2   | Killed a death yak
 15329 | Lair:2   | Killed a death yak
 15330 | Lair:2   | Killed a death yak
 15656 | Lair:2   | Killed a death yak
 15656 | Lair:2   | Killed a death yak
 15657 | Lair:2   | Reached XP level 13. HP: 12/122 MP: 3/22
 16309 | Lair:2   | Reached skill level 19 in Axes
 16878 | Lair:2   | Identified 2 scrolls of acquirement
 16878 | Lair:2   | Acquired the +5 battleaxe "Goxymef" {holy, *Noise Fly rElec
                  | rC++}
 17081 | Lair:3   | Found a staircase to the Shoals.
 17583 | Lair:3   | Reached ***** piety under Qazlal
 18418 | Lair:4   | Found a hole to the Spider Nest.
 18843 | Lair:5   | Noticed Urug
 18853 | Lair:5   | Killed Urug
 18897 | Lair:5   | Reached skill level 20 in Axes
 18899 | Lair:5   | Found a gate leading to a gauntlet.
 18922 | Lair:5   | Found a viscous altar of Jiyva.
 18922 | Lair:5   | Found a staircase to the Slime Pits.
 18934 | Gauntlet | Entered a Gauntlet
 18934 | Gauntlet | Found a transporter.
 18934 | Gauntlet | Found a transporter.
 19043 | Gauntlet | Found a transporter.
 19063 | Gauntlet | Found a transporter.
 19073 | Gauntlet | Found a transporter.
 19073 | Gauntlet | Found a transporter.
 19073 | Gauntlet | Found a transporter.
 19076 | Gauntlet | Found a transporter.
 19076 | Gauntlet | Found a transporter.
 19090 | Gauntlet | Found a transporter.
 19108 | Gauntlet | Found a transporter.
 19118 | Gauntlet | Found a transporter.
 19135 | Gauntlet | Found a transporter.
 19156 | Gauntlet | Found a transporter.
 19297 | Gauntlet | Identified the amulet of Ikaat {RegenMP Stlth+}
 19360 | Gauntlet | Identified the +5 quarterstaff "Tormentor" {drain, Int+2}
 19360 | Gauntlet | Noticed a minotaur
 19371 | Gauntlet | Killed a minotaur
 19406 | Gauntlet | Identified the ring of Negaaq {rN+ Slay+2}
 19717 | Gauntlet | Reached XP level 14. HP: 84/124 MP: 16/24
 19860 | Gauntlet | Acquired 402 gold pieces
 19862 | Gauntlet | Acquired the +1 pair of boots of the Thunderstorm {Drain
                  | Str+7}
 20583 | Lair:6   | Entered Level 6 of the Lair of Beasts
 21239 | Lair:6   | Reached skill level 21 in Axes
 21567 | Lair:6   | Reached ****** piety under Qazlal
 21632 | Lair:6   | Reached skill level 15 in Fighting
 21835 | Lair:6   | Reached skill level 15 in Invocations
 23158 | Lair:6   | Reached XP level 15. HP: 141/141 MP: 26/26
 24175 | D:12     | Reached skill level 22 in Axes
 25603 | D:12     | Identified the +2 scimitar of Desperation {elec, Dex+2}
 25887 | D:12     | Found a portal to a secret trove of treasure.
 27236 | D:13     | Found a gate to the Vaults.
 27431 | D:13     | Identified the Incunabulum of Flying Hexes
 27673 | D:14     | Reached skill level 23 in Axes
 28593 | D:14     | Found a white marble altar of Elyvilon.
 28854 | D:15     | Entered Level 15 of the Dungeon
 28860 | D:15     | Reached XP level 16. HP: 117/152 MP: 22/28
 29066 | D:15     | Noticed Agnes
 29073 | D:15     | Killed Agnes
 29534 | D:15     | Found the +9 staff of Olgreb {rPois∞}
 29535 | D:15     | Found a shimmering altar of Xom.
 29544 | D:15     | Found a shimmering altar of Xom.
 29544 | D:15     | Found a shimmering altar of Xom.
 29545 | D:15     | Found a shimmering altar of Xom.
 29689 | D:15     | Noticed Louise
 29700 | D:15     | Killed Louise
 29707 | D:15     | Found a staircase to the Depths.
 30120 | D:15     | Reached XP level 17. HP: 160/160 MP: 29/29
 30586 | Orc:1    | Entered Level 1 of the Orcish Mines
 30754 | Orc:2    | Entered Level 2 of the Orcish Mines
 31127 | Orc:2    | Found a runed translucent gate.
 31128 | Orc:2    | Found a runed translucent gate.
 31129 | Orc:2    | Found a runed translucent gate.
 31130 | Orc:2    | Noticed ma3's ghost (journeyman SpHu)
 31244 | Orc:2    | Found a staircase to the Elven Halls.
 31381 | Orc:2    | Reached skill level 1 in Dodging
 31655 | Orc:1    | Found Qoluoff's Armour Boutique.
 31685 | Orc:2    | HP: 4/161 [orc sorcerer/bolt of fire (8)]
 31699 | Orc:2    | HP: 6/161 [orc priest/divine providence (7)]
 31705 | Orc:2    | HP: 3/161 [orc priest/+0 mace (2)]
 31706 | Orc:2    | Killed from afar by an orc priest

Illustrated notes

Levels and vault maps discovered:
D:1:      dpeg_arrival_refuge, layout_loops_ring,
          hellmonk_ecumenical_altar_crossroads
D:2:      minmay_wonky_spiral, layout_rooms
D:3:      layout_rooms, vehumet_statue, kennysheep_pointless_box,
          saegor_snake_ambush
D:4:      cheibrodos_fertilizer, layout_loops_ring, grunt_qazlal_clouds,
          serial_undead, serial_undead_f, serial_undead_c, serial_undead_d,
          serial_undead_d, hangedman_decor_push, minmay_cupped,
          uniq_blork_the_orc, uniq_edmund
D:5:      layout_basic, nicolae_sextant, minmay_misc_feat_hallway, uniq_ijyb
D:6:      layout_rooms
D:7:      minmay_bubble_buster, layout_gridville,
          grunt_temple_overflow_octagram, minmay_temple_entry_glassed_door,
          kennysheep_generic_room_12, uniq_crazy_yiuf_cottage
D:8:      layout_basic, minmay_liquid_box, minivault_22,
          kennysheep_generic_room_14, uniq_erica, uniq_maurice
D:9:      layout_rooms, grunt_temple_overflow_open, orc_0_dummy, special_room
          [special_room_orc], nicolae_looking_at_the_future, uniq_harold
D:10:     minmay_firetagon, layout_basic, serial_shops, nicolae_shop_crystal,
          chequers_serial_rivers_micro_e, roderic_lattice_a
D:11:     layout_gridville, lair_entry_dummy
D:12:     layout_roguey, enter_trove_0, minmay_checkered_concentric_circles
D:13:     layout_loops_ring, erik_vaults_2
D:14:     minmay_bloctagon_deflated, layout_basic, elyvilon_altar_4
D:15:     grunt_enter_depths_hoard, layout_basic, xom_redecorated,
          portal_ice_cave_entry_imps, uniq_louise, uniq_agnes
Lair:1:   layout_gridlike, hangedman_tree_tricks
Lair:2:   layout_small_grid, fungi_pond_lemuel, minivault_19,
          beast_lair_carwin_9
Lair:3:   layout_gridlike, elwin_shoals_entry_rocks
Lair:4:   layout_loops_ring, spider_nest_entry_rubble, serial_bayou_shore_b
Lair:5:   layout_loops_ring, slime_altar_1, gauntlet_entry_generic, uniq_urug
Lair:6:   gammafunk_lair_ancient_temple, layout_loops_ring, lemuel_old_faithful,
          grunt_megastairs_4, infiniplex_staircase_pool_2
Orc:1:    layout_caves, serial_shops, shop, okawaru_metal_pillars_1_2
Orc:2:    st_orc_elflike, layout_caves, maelrawn_ghost_gauntlet_escape,
          nicolae_orc_lava_room

Skill      XL: |  1  2  3  4  5  6  7  8  9 10 11 12 13 14 15 16 17 |
---------------+----------------------------------------------------+-----
Axes           | 3 4 5 7 8 9 11 13 15 16 18 20 21 23 | 23.7
Fighting       | 4 5 6 7 8 9 10 12 13 14 15 16 17 | 17.0
Invocations    | 4 6 9 10 12 13 15 16 17 | 17.0
Armour         | 6 8 |  8.0
Dodging        | 2 |  2.9
Shields        | |  3.2

Action                   |  1- 3 |  4- 6 |  7- 9 | 10-12 | 13-15 | 16-18 || total
-------------------------+-------+-------+-------+-------+-------+-------++-------
Melee: War axe           |    82 |   152 |   400 |   506 |    57 |       ||  1197
       Battleaxe         |       |       |       |       |   719 |   238 ||   957
Invok: Upheaval          |       |       |       |     1 |       |     5 ||     6
Evoke: Wand              |       |       |       |     8 |       |       ||     8
  Use: Scroll            |       |     8 |    12 |     3 |    12 |     2 ||    37
       Potion            |       |       |       |     1 |     2 |     4 ||     7
 Stab: Distracted        |       |       |       |       |     1 |       ||     1
Armor: Scale mail        |    47 |    72 |   120 |       |       |       ||   239
       Plate armour      |       |       |    58 |   253 |   390 |    78 ||   779
Dodge: Dodged            |    32 |    51 |    86 |    52 |   175 |    59 ||   455
       Repelled          |       |       |       |       |     5 |     3 ||     8
Block: Kite shield       |    39 |    86 |   186 |   335 |    28 |       ||   674
       Other             |       |       |       |       |   199 |    77 ||   276

Table legend: (Time is in decaauts)
 A = Elapsed time spent in this place.
 B = Non-inter-level travel time spent in this place.
 C = Inter-level travel time spent in this place.
 D = Time resting spent in this place.
 E = Time spent auto-exploring this place.
 F = Levels seen in this place.
 G = Mean time per level.
                   A        B        C        D        E       F      G
               +--------+--------+--------+--------+--------+-----+--------+
         Total |  31646 |  30588 |   1058 |   6589 |  19866 |  24 | 1318.6 |
       Dungeon |  19648 |  18949 |    699 |   3363 |  12882 |  15 | 1309.9 |
          Lair |   9989 |   9645 |    344 |   2466 |   6175 |   6 | 1664.8 |
  Orcish Mines |   1078 |   1064 |     14 |    160 |    679 |   2 |  539.0 |
      Gauntlet |    930 |    930 |      0 |    600 |    130 |   1 |  930.0 |
               +--------+--------+--------+--------+--------+-----+--------+

Top non-repeatable levels by time:
  Lair:1: 2233 daAuts
  Lair:5: 2096 daAuts
     D:5: 2048 daAuts
  Lair:6: 1985 daAuts
    D:12: 1789 daAuts
     D:9: 1782 daAuts
  Lair:2: 1769 daAuts
    D:15: 1402 daAuts
    D:13: 1382 daAuts
    D:11: 1318 daAuts
    D:14: 1316 daAuts
    D:10: 1260 daAuts
     D:4: 1255 daAuts
     D:6: 1233 daAuts
     D:7: 1174 daAuts
